 Dungeon Crawl Stone Soup version 0.13-a0-1577-g2bae144 (webtiles) character file.

718283 Koal the Swordmaster (level 27, -6/241 HPs)
             Began as a Demonspawn Berserker on June 10, 2013.
             Was a High Priest of Trog.
             Mangled by an Orb Guardian (24 damage)
             ... on Level 5 of the Realm of Zot on June 11, 2013.
             The game lasted 13:14:14 (107519 turns).

Koal the Swordmaster (Demonspawn Berserker)       Turns: 107519, Time: 13:14:15

HP  -6/241       AC 38     Str 20      XL: 27
MP   0/14        EV 35     Int  8      God: Trog [*****.]
Gold 7773        SH  0     Dex 32      Spells:  0 memorised, 26 levels left

Res.Fire  : + + .   See Invis. : +   a - +8,+7 triple sword (antimagic)
Res.Cold  : + + +   Warding    : .   A - +9 ice dragon armour
Life Prot.: . . .   Conserve   : +   (no shield)
Res.Poison: +       Res.Corr.  : .   k - +2 golden helmet {SInv}
Res.Elec. : .       Clarity    : .   l - +2 cloak of Noqeusewn {rPois rC++ Dex+3}
Sust.Abil.: . .     Spirit.Shd : +   B - +0 pair of elf gauntlets {Dex+3}
Res.Mut.  : .       Stasis     : .   (boots unavailable)
Res.Rott. : +       Flight     : .   i - amulet of conservation
Saprovore : + . .                    V - +3,+5 ring of slaying
                                     f - ring of Order {rF+ Dex+3 Int-2}

@: about to teleport, hasted, very quick, quite resistant to hostile
enchantments, extremely unstealthy
A: hooves 3, conserve scrolls, fire resistance 1, hurl hellfire, foul stench 2,
saprovore 1, magic shield, magic regeneration, magic link, AC +4, EV -1, Str +1
a: Hellfire, Burn Spellbooks, Berserk, Trog's Hand, Brothers in Arms, Renounce
Religion
}: 3/15 runes: decaying, serpentine, silver


You were on level 5 of the Realm of Zot.
You worshipped Trog.
Trog was exalted by your worship.
You were not hungry.

You visited 11 branches of the dungeon, and saw 69 of its levels.
You visited the Abyss 1 time.
You also visited: Trove.

You collected 10117 gold pieces.
You spent 2364 gold pieces at shops.

Inventory:

Hand weapons
 a - a +8,+7 anti-magic triple sword (weapon)
 b - a +7,+8 great sword of flaming
 e - a +4 blowgun
Missiles
 v - 10 needles of frenzy
 J - 3 steel javelins (quivered)
 Y - 6 curare-tipped needles
Armour
 k - a +2 golden helmet of see invisible (worn)
 l - the +2 cloak of Noqeusewn (worn) {rPois rC++ Dex+3}
   (You found it in a treasure trove)

   It affects your dexterity (+3).
   It greatly protects you from cold.
   It protects you from poison.
 A - a +9 ice dragon armour (worn)
 B - a +0 pair of elven gauntlets of dexterity (worn)
Magical devices
 g - a wand of heal wounds (3)
 u - a wand of digging (8)
 w - a wand of teleportation (3)
 G - a wand of enslavement (8)
 O - a wand of invisibility (5)
Comestibles
 j - 6 chunks of dragon flesh
 x - 8 meat rations
 P - 2 cheeses
Scrolls
 c - 4 scrolls of remove curse
 m - 3 scrolls of fog
 r - 3 scrolls of blinking
 z - a scroll of teleportation
 E - 2 scrolls of summoning
 M - a scroll of recharging
 N - 3 scrolls of identify
 S - 5 scrolls of fear
Jewellery
 d - an uncursed amulet of resist mutation
 f - the ring of Order (left hand) {rF+ Dex+3 Int-2}
   (You bought it in a shop on level 13 of the Dungeon)

   [ring of protection from fire]

   It affects your intelligence (-2).
   It affects your dexterity (+3).
 i - an amulet of conservation (around neck)
 p - the amulet of Vivyohec {rCorr rN+ Stlth++}
   (You found it on level 5 of the Vaults)

   [amulet of resist corrosion]

   It protects you from negative energy.
   It makes you much more stealthy.
 U - an uncursed ring of flight
 V - a +3,+5 ring of slaying (right hand)
Potions
 n - 4 potions of agility
 o - 2 potions of might
 D - 5 potions of curing
 R - 4 potions of speed
Miscellaneous
 h - a lamp of fire
 s - a lamp of fire
 y - a lamp of fire
 C - a phial of floods
 F - a fan of gales
 H - a stone of tremors
Rods
 q - a +8 rod of destruction [ice] (17/17)
   (You found it on level 3 of the Elven Halls)


   Skills:
 * Level 23.9 Fighting
   Level 2.6 Short Blades
 O Level 27 Long Blades
 - Level 6.0 Throwing
 - Level 17.5 Armour
 + Level 23.5 Dodging
 - Level 6.0 Traps
 - Level 20.0 Evocations


You had 26 spell levels left.
You didn't know any spells.

Dungeon Overview and Level Annotations

Branches:
Dungeon (27/27)            Temple (1/1) D:4             Orc (4/4) D:6
    Elf (3/3) Orc:3          Lair (8/8) D:13          Swamp (5/5) Lair:6
  Snake (5/5) Lair:6        Slime (0/6) Lair:6       Vaults (5/5) D:20
  Blade (1/1) Vaults:3      Crypt (5/5) Vaults:3       Tomb (0/3) Crypt:3
    Zot (5/5) D:27

Altars:
Ashenzari
Cheibriados
Elyvilon
Fedhas
Kikubaaqudgha
Makhleb
Nemelex Xobeh
Okawaru
Sif Muna
Trog
Xom
Yredelemnul
Zin
the Shining One
Beogh

Shops:
D:10: /?/ D:11: / D:12: / D:13: * D:17: + D:18: ( D:22: + D:24: ( D:27: ? Orc:3: % Orc:4: +/=( Elf:1: ! Vaults:1: ( Vaults:3: ( Vaults:4: ( Vaults:5: !!?%!?%%

Portals:
Hell: D:21 D:22 D:23 D:24 D:25 D:26 D:27
Abyss: D:25 D:26 D:27
Pandemonium: D:24 D:27

Annotations
D:23 exclusions: 3 doors and eldritch tentacle segment
Swamp:2 exclusion: Roxanne, Roxanne
Crypt:4 exclusion: curse skull
Zot:5 exclusion: ice statue


Innate Abilities, Weirdness & Mutations

You have hooves in place of feet.
You are completely covered in molten scales (AC +4, EV -1, rF+).
You are very good at protecting items from fire.
Your flesh is heat resistant.
You can hurl blasts of hellfire.
You radiate miasma, and are resistant to rotting and decay.
You can tolerate rotten meat.
When hurt, damage is shared between your health and your magic reserves.
You regenerate magic rapidly.
When low on magic, you restore magic in place of health.
Your muscles are strong (Str +1).


Message History

The orb of fire glows bright magenta.
The bolt of fire hits you! You resist.
* * * LOW HITPOINT WARNING * * *
The Orb Guardian hits you!
* * * LOW HITPOINT WARNING * * *
The Orb Guardian looks sick.
The Killer Klown barely misses you.
The moth of wrath goads the Orb Guardian on!
The Orb Guardian goes berserk!
You found an arrow trap!
The Orb Guardian completely misses you.
The Killer Klown strangle-hugs you but does no damage.
An electric golem comes into view.
Drink which item? (? for menu, Esc to quit)
You feel much better. The Orb Guardian closely misses you.
The electric golem blinks!
The Killer Klown kneecaps you!
* * * LOW HITPOINT WARNING * * *
You feel your power leaking away.
You emit a cloud of foul miasma!
The ancient lich mumbles some strange words.
The Orb Guardian hits you!
You die...

######...###.........
##....##.........
###..(.)........
##############8
####...........
#...............
................
.......%.........
.......X^@X^.......
#....8.2.X@*........
.#........yXX........
...LL...............
#..ยง22.............
#..................
#........8........
#..............(.
##..............


You could see an orb of fire, a Killer Klown (berserk), 2 electric golems, an
ancient lich, a hell beast, 5 Orb Guardians, an ice statue, a reaper, a moth of
wrath and a hellion.

Vanquished Creatures
  3 ancient liches
  A curse toe (Zot:3)
  Mara (Vaults:1)
  Mennas (D:22)
  13 golden dragons
  9 bone dragons
  Xtahua (Vaults:2)
  A Hell Sentinel (Elf:3)
  14 tentacled monstrosities
  5 liches
  4 titans
  11 Orb Guardians
  A quicksilver dragon (D:26)
  7 shadow dragons
  A deep elf blademaster (Elf:3)
  16 storm dragons
  Kirke (D:17)
  2 sphinxes
  Agnes (D:15)
  8 draconian monks
  Frances (Swamp:3)
  4 draconian knights
  4 ghost moths
  Donald (Swamp:5)
  3 Executioners
  2 revenants
  Maud (Snake:1)
  6 frost giants
  3 draconian scorchers
  6 ghouls
  Louise (Vaults:1)
  A draconian zealot (D:27)
  A quicksilver dragon zombie (Crypt:3)
  A tentacled starspawn (Abyss:1)
  14 vault wardens
  18 fire giants
  A draconian annihilator (Zot:3)
  3 draconian shifters
  4 eidola
  7 grey draconians
  65 stone giants
  A draconian caller (Zot:4)
  A pale draconian (D:27)
  5 purple draconians
  9 green draconians
  5 mottled draconians
  5 white draconians
  6 yellow draconians
  4 spectral elves
  4 greater nagas (Snake:5)
  5 deep elf annihilators
  9 black draconians
  6 red draconians
  2 ancient champions (Crypt:3)
  7 deep elf death magi
  A satyr (shapeshifter) (D:26)
  7 deep elf sorcerers (Elf:3)
  16 ettins
  Snorg (D:16)
  A storm dragon zombie (Crypt:1)
  30 yaktaur captains
  12 dragons
  A great orb of eyes (shapeshifter) (D:20)
  5 great orbs of eyes
  17 ironheart preservers
  5 vampire knights
  A titan skeleton (Vaults:5)
  A golden dragon zombie (Crypt:2)
  3 storm dragon skeletons (D:23)
  34 vault guards
  Erica (D:13)
  22 hydras
  3 ravenous feature mimics
  7 death cobs
  12 ogre magi
  7 deep elf demonologists
  An ice dragon (shapeshifter) (Vaults:4)
  2 golden dragon skeletons
  9 ice dragons
  2 deep dwarf death knights (Crypt:4)
  16 deep troll earth magi
  A vampire mage (Crypt:4)
  16 anacondas
  9 deep troll shamans
  28 dancing weapons
  8 death yaks
  A wolf spider zombie (D:18)
  34 deep trolls
  2 fire giant zombies
  3 shadow dragon skeletons
  9 stone giant zombies
  A deep troll (shapeshifter) (D:18)
  A frost giant zombie (Crypt:2)
  A deep elf high priest (Elf:3)
  4 alligators
  2 orc high priests
  9 plague shamblers
  5 very ugly things
  Urug (Snake:1)
  5 iron golems
  Nergalle (D:13)
  5 fire giant skeletons
  4 sun demons
  26 centaur warriors
  2 thrashing horrors (Abyss:1)
  A shadow wraith (Crypt:3)
  19 stone giant skeletons
  A vapour (Vaults:4)
  5 jiangshi
  2 death drakes (Zot:4)
  5 frost giant skeletons
  5 soul eaters
  16 iron trolls
  7 unseen horrors
  12 hell knights
  34 deep elf knights
  An iron troll (shapeshifter) (D:26)
  2 storm dragon simulacra
  4 elves (Vaults:2)
  2 giant orange brains (shapeshifter)
  36 orc knights
  6 large abominations
  20 naga warriors
  45 skeletal warriors
  5 ice devils
  10 ironbrand convokers
  A faun (shapeshifter) (D:26)
  A satyr skeleton (Crypt:2)
  An alligator snapping turtle skeleton (Crypt:2)
  5 flayed ghosts
  A harpy (shapeshifter) (Vaults:5)
  A swamp dragon (shapeshifter) (D:26)
  2 iron troll zombies
  5 wizards
  13 hill giants
  7 swamp dragons
  A guardian serpent (shapeshifter) (Elf:3)
  A hellion (Vaults:4)
  A mottled draconian skeleton (Crypt:1)
  6 harpies
  3 crystal golems (Crypt:5)
  A dryad (shapeshifter) (Vaults:1)
  A harpy zombie (Crypt:5)
  2 human zombies (Vaults:2)
  10 orc sorcerers
  Joseph (D:9)
  A spectral human (Crypt:2)
  7 giant amoebae
  A shining eye (shapeshifter) (D:26)
  4 guardian serpents
  6 spiny worms
  14 vault sentinels
  13 necromancers
  4 iron troll skeletons
  A minotaur zombie (Crypt:4)
  7 red wasps
  A flaming corpse (Zot:3)
  The ghost of Yanussar the Stinger, an experienced OpVM of Sif Muna (D:7)
  11 phantasmal warriors
  A hydra skeleton (D:16)
  5 sixfirhies
  A red wasp zombie (Crypt:2)
  4 fire crabs
  2 black mambas (shapeshifter)
  4 wolf spiders
  A red wasp (shapeshifter) (D:19)
  A dragon zombie (Crypt:5)
  Maurice (D:11)
  11 cyclopes
  9 griffons
  An ice dragon zombie (D:15)
  A griffon zombie (D:10)
  23 black mambas
  12 stone golems
  A queen ant (Lair:1)
  An elephant (Lair:7)
  A frost giant simulacrum (Crypt:4)
  3 stone giant simulacra
  An ice dragon skeleton (Crypt:2)
  2 harpy skeletons
  3 elephant slugs
  An ettin zombie (D:21)
  21 moths of wrath
  A wind drake (shapeshifter) (D:23)
  16 spiny frogs
  3 dragon skeletons
  5 hellwings (Elf:3)
  3 ettin skeletons
  8 humans (Vaults:2)
  66 slime creatures
  A fire giant simulacrum (Crypt:4)
  6 orange demons
  2 slime creatures (shapeshifter)
  The ghost of Kae the Chiller, an experienced DrIE of Vehumet (D:5)
  A wind drake zombie (Crypt:2)
  A black mamba skeleton (Crypt:3)
  A feature mimic (D:19)
  A yaktaur (shapeshifter) (D:17)
  50 yaktaurs
  A guardian mummy (Zot:5)
  3 iron devils
  141 ugly things
  An elf zombie (Vaults:2)
  2 hill giant zombies (D:16)
  An ancient zyme (Abyss:1)
  A hill giant skeleton (D:16)
  3 wandering mushrooms (Zot:3)
  Grinder (D:6)
  21 naga magi
  11 komodo dragons
  A dryad zombie (Crypt:5)
  An efreet (Zot:4)
  A red devil (Swamp:3)
  Prince Ribbit (D:8)
  4 smoke demons
  17 trolls
  An agate snail zombie (D:18)
  7 giant leeches
  6 polar bears (Lair:8)
  A giant leech (shapeshifter) (D:27)
  A faun zombie (Crypt:4)
  27 two-headed ogres
  2 blue devils
  9 basilisks
  A raven (Swamp:4)
  A troll (shapeshifter) (D:16)
  5 deep troll skeletons
  38 flying skulls
  11 bog bodies
  5 shadows
  A swamp dragon zombie (Crypt:2)
  3 baby alligators (Swamp:5)
  13 blink frogs
  A brown ooze (shapeshifter) (Vaults:1)
  A red wasp simulacrum (D:16)
  A shark (D:22)
  A jumping spider (Vaults:2)
  A raven (shapeshifter) (Vaults:4)
  A giant firefly simulacrum (Crypt:2)
  A blink frog (shapeshifter) (Vaults:1)
  62 orc warriors
  6 vampires
  11 grizzly bears (Lair:8)
  2 hogs (D:17)
  A tarantella (shapeshifter) (D:23)
  4 ynoxinuls
  An ettin simulacrum (Crypt:1)
  4 starcursed masses (Abyss:1)
  17 deep elf conjurers
  4 wyverns
  A yak (shapeshifter) (D:19)
  A jumping spider (shapeshifter) (Vaults:4)
  48 yaks
  A lindwurm skeleton (Crypt:2)
  3 trapdoor spiders
  7 wraiths
  A hog (shapeshifter) (D:18)
  4 clay golems (Elf:3)
  A blink frog skeleton (Crypt:1)
  39 vampire mosquitoes
  8 fire drakes
  4 rock worms
  A redback (shapeshifter) (Vaults:5)
  47 swamp worms
  3 chaos spawn
  7 hungry ghosts
  4 neqoxecs
  17 redbacks
  A steam dragon (Lair:6)
  A trapdoor spider (shapeshifter) (Vaults:5)
  30 deep elf fighters
  12 deep elf summoners
  4 hippogriffs
  4 spatial vortices (D:23)
  6 war dogs (Lair:5)
  Edmund (D:4)
  A yaktaur zombie (Crypt:4)
  A giant slug zombie (Crypt:5)
  8 soldier ants
  3 boulder beetles
  A human skeleton (Vaults:2)
  A fire drake skeleton (Crypt:1)
  A deep troll simulacrum (D:20)
  5 manticores
  5 mottled dragons
  3 yaktaur skeletons
  11 deep elf priests
  7 giant goldfish
  4 hell hounds
  A manticore skeleton (D:14)
  A lost soul (Crypt:5)
  6 kobold demonologists (Vaults:2)
  10 small abominations
  18 freezing wraiths
  9 necrophages
  5 ice beasts
  3 boulder beetle zombies
  61 ogres
  A cyclops skeleton (D:16)
  2 slaves
  A swamp drake (shapeshifter) (D:26)
  3 sky beasts
  7 black bears
  5 phantoms
  A boring beetle (D:26)
  2 boring beetles (shapeshifter) (Vaults:1)
  15 swamp drakes
  2 rock worm zombies
  A grizzly bear skeleton (Crypt:1)
  55 nagas
  3 rotting devils
  A troll skeleton (D:7)
  A wolf zombie (Crypt:5)
  9 big kobolds
  A crocodile (shapeshifter) (D:21)
  A hippogriff skeleton (Crypt:3)
  Sigmund (D:2)
  Duvessa (D:4)
  2 yaktaur simulacra
  8 giant slugs
  18 deep elf magi
  39 centaurs
  10 wargs
  2 giant slugs (shapeshifter)
  A war dog skeleton (Crypt:4)
  A centaur zombie (Crypt:4)
  19 giant frogs
  13 crocodiles
  3 brain worms
  3 two-headed ogre zombies
  2 giant frog zombies
  2 giant frog skeletons
  38 insubstantial wisps
  A warg zombie (Crypt:2)
  A centaur skeleton (D:11)
  10 agate snails
  48 water moccasins
  2 shapeshifter simulacra (D:15)
  An eye of draining (shapeshifter) (Elf:3)
  A basilisk skeleton (D:12)
  A two-headed ogre skeleton (D:13)
  18 killer bees
  9 jellyfish
  3 eyes of draining
  A fire bat (shapeshifter) (D:15)
  18 wights
  A big kobold zombie (D:15)
  4 quasits
  2 felid skeletons (Crypt:3)
  20 electric eels
  A crocodile skeleton (Crypt:4)
  A demonspawn skeleton (Crypt:3)
  4 goliath beetles
  A big kobold skeleton (D:14)
  An ogre skeleton (Crypt:2)
  Dowan (D:4)
  A draconian skeleton (Crypt:3)
  A dwarf skeleton (Crypt:4)
  A mottled dragon skeleton (D:16)
  9 big fish
  A gnoll shaman (D:5)
  7 hounds
  8 iguanas
  44 orc priests
  13 crimson imps
  A boring beetle simulacrum (Crypt:4)
  5 iron imps
  An orange rat (shapeshifter) (Vaults:1)
  6 orange rats (Lair:1)
  6 porcupines
  4 scorpions
  27 worker ants
  51 orc wizards
  A worker ant zombie (D:9)
  39 deep elf soldiers
  An orange rat zombie (Crypt:1)
  3 kobold zombies (Vaults:2)
  5 sheep
  Ijyb (D:7)
  Jessica (D:2)
  A worm zombie (Crypt:4)
  7 jellies
  A mummy (D:11)
  5 giant centipedes
  9 gnolls
  39 green rats
  A gnoll (shapeshifter) (Vaults:1)
  8 lemures
  2 halfling skeletons
  4 shadow imps
  52 adders
  An adder skeleton (D:4)
  20 white imps
  2 giant centipede zombies
  2 giant mites
  4 worms
  42 ufetubi
  A giant eyeball (D:11)
  5 oozes
  224 orcs
  28 goblins
  25 hobgoblins
  7 quokkas
  5 spectral orcs (D:13)
  2 ball pythons
  25 bats
  9 giant cockroaches
  11 giant geckos
  4 giant newts
  3 giant spores
  A goblin skeleton (Crypt:4)
  A hobgoblin skeleton (D:4)
  21 jackals
  35 kobolds
  A kobold skeleton (D:4)
  An orc skeleton (D:8)
  22 rats
  2 rat skeletons
  A rat zombie (D:8)
  7 ballistomycetes
  3 butterflies (D:7)
  3 fungi
  A plant (Lair:8)
3554 creatures vanquished.

Vanquished Creatures (collateral kills)
  Saint Roka (Orc:4)
  Norris (Swamp:4)
  Frederick (D:23)
  A tentacled monstrosity (Vaults:5)
  Nikola (D:17)
  Rupert (Lair:4)
  Aizul (D:17)
  The ghost of Jenx the Warrior, a powerful LOBe of Trog (Swamp:4)
  A vault warden (Vaults:4)
  A frost giant (Vaults:2)
  A ghoul (Crypt:2)
  Wiglaf (Swamp:3)
  2 stone giants
  A draconian shifter (Zot:2)
  2 greater nagas
  Jorgrun (Vaults:1)
  A deep elf annihilator (Vaults:4)
  A white draconian (Zot:2)
  Azrael (Lair:6)
  A deep elf death mage (Elf:3)
  A titan zombie (Crypt:5)
  A deep elf sorcerer (Elf:3)
  3 yaktaur captains (Vaults:4)
  3 vault guards
  The ghost of Koal the Grappler, a powerful LOTm of Makhleb (Lair:4)
  An ironheart preserver (Vaults:5)
  A dragon (Lair:8)
  Harold (D:13)
  An ogre mage (D:18)
  A death yak (Lair:4)
  2 deep elf demonologists
  The ghost of Fv001 the Basher, an experienced LOFi of Trog (D:11)
  A deep troll earth mage (D:26)
  A plague shambler (Vaults:1)
  A deep elf high priest (Elf:3)
  A jiangshi (Crypt:2)
  A very ugly thing (Vaults:4)
  2 orc high priests (Orc:4)
  A stone giant zombie (Vaults:3)
  A sun demon (Orc:4)
  A dancing weapon (Crypt:5)
  2 centaur warriors
  A dire elephant zombie (Crypt:2)
  The ghost of MarvinPA the Frost Mage, an experienced OpIE of Vehumet (D:8)
  3 skeletal warriors
  A deep elf knight (Elf:2)
  A harpy (Vaults:4)
  4 naga warriors (Snake:5)
  Pikel (D:9)
  3 orc knights
  3 necromancers
  A wolf spider (D:17)
  A vault sentinel (Vaults:5)
  A griffon (D:15)
  A black mamba (Snake:5)
  3 slime creatures
  A griffon skeleton (D:17)
  5 yaktaurs
  An orange demon (Orc:4)
  6 naga magi
  A smoke demon (Vaults:4)
  A hellwing (Elf:3)
  19 ugly things
  Sonja (D:11)
  A human zombie (Crypt:5)
  A blue devil (Elf:3)
  A dryad zombie (Crypt:2)
  3 two-headed ogres
  A basilisk (Lair:8)
  A wraith (D:19)
  A vampire (Vaults:2)
  A wyvern (Lair:4)
  A clay golem (D:15)
  2 deep elf fighters
  2 soldier ants (Lair:1)
  A vampire mosquito (D:18)
  A swamp worm (Swamp:4)
  A steam dragon (Lair:8)
  Menkaure (D:6)
  A manticore (D:15)
  2 necrophages
  A sky beast (D:11)
  2 deep elf priests
  7 orc warriors
  A phantom (D:5)
  7 centaurs
  8 ogres
  A warg (Vaults:1)
  A big kobold (D:17)
  11 nagas
  A boring beetle zombie (Crypt:5)
  A giant frog (D:6)
  A deep elf mage (Elf:2)
  A killer bee (D:7)
  7 orc priests
  2 hounds
  9 worker ants
  An iguana (Lair:8)
  A scorpion (D:5)
  4 orc wizards
  A porcupine (Lair:4)
  3 deep elf soldiers (Elf:2)
  2 jellies
  An adder (Snake:1)
  A worm (D:6)
  11 orcs
  4 kobolds
223 creatures vanquished.

Vanquished Creatures (others)
  An Orb Guardian (Zot:5)
  A stone giant (Zot:4)
  A green draconian (Zot:2)
  A black draconian (Zot:4)
  A death cob (Zot:3)
  A deep troll (D:23)
  A jiangshi (Crypt:5)
  2 stone giant skeletons (D:23)
  A fire giant skeleton (D:23)
  An iron troll (Vaults:5)
  A deep elf knight (Elf:3)
  2 elves (Vaults:2)
  A hill giant (Zot:4)
  A necromancer (Vaults:2)
  2 black mambas
  A moth of wrath (Zot:4)
  29 fire elementals
  An ettin skeleton (D:23)
  A spiny frog (Swamp:5)
  5 trolls
  17 water elementals
  9 two-headed ogres
  A grizzly bear (D:22)
  A chaos spawn (D:27)
  A vampire mosquito (D:22)
  5 lost souls
  3 ogres
  2 deep elf magi
  A slave (D:9)
  5 humans (D:17)
  A big kobold (Vaults:2)
  An orc priest (D:17)
  2 orc wizards
  A deep elf soldier (D:23)
  A worker ant (D:4)
  2 ufetubi (Elf:3)
  A giant gecko (Lair:4)
  11 orcs
  A goblin (D:3)
  5 kobolds
  3391 eldritch tentacle segments (D:23)
  2 fungi (Lair:7)
  3 plants (Lair:8)
  2 starspawn tentacles (Abyss:1)
  A starspawn tentacle segment (Abyss:1)
3525 creatures vanquished.

Grand Total: 7302 creatures vanquished

Notes
Turn   | Place    | Note
--------------------------------------------------------------
     0 | D:1      | Koal, the Demonspawn Berserker, began the quest for the Orb.
     0 | D:1      | Reached XP level 1. HP: 18/18 MP: 0/0
   468 | D:1      | Gained mutation: When hurt, damage is shared between your health and your magic reserves. [demonic ancestry]
   468 | D:1      | Reached XP level 2. HP: 10/24 MP: 1/1
   502 | D:1      | Acquired Trog's second power
  1130 | D:1      | Reached XP level 3. HP: 23/30 MP: 2/2
  1569 | D:2      | Noticed Sigmund
  1714 | D:2      | Killed Sigmund
  1714 | D:2      | Reached skill level 4 in Fighting
  1714 | D:2      | Gained mutation: You are partially covered in molten scales (AC +1). [demonic ancestry]
  1714 | D:2      | Reached XP level 4. HP: 37/37 MP: 3/3
  1939 | D:2      | Reached XP level 5. HP: 42/42 MP: 4/4
  1980 | D:2      | Noticed Jessica
  1983 | D:2      | Killed Jessica
  2112 | D:2      | Found a burning altar of Makhleb.
  2457 | D:3      | Reached skill level 5 in Fighting
  2662 | D:3      | Gained mutation: You can tolerate rotten meat. [demonic ancestry]
  2662 | D:3      | Reached XP level 6. HP: 33/49 MP: 3/5
  2877 | D:3      | Acquired Trog's third power
  2947 | D:3      | Reached skill level 1 in Traps
  3245 | D:4      | Noticed Edmund
  3261 | D:3      | HP: 3/75 [orc priest/orcish hammer (8)]
  3656 | D:4      | Noticed Duvessa
  3656 | D:4      | Noticed Dowan
  3670 | D:4      | Killed Duvessa
  3683 | D:4      | Killed Dowan
  4038 | D:4      | Reached XP level 7. HP: 17/55 MP: 6/6
  4649 | D:4      | Got a slimy dagger
  4650 | D:4      | Identified the cursed dagger "Plaphame" {flame, Int+1} (You found it on level 4 of the Dungeon)
  4723 | D:4      | Found a sparkling altar of Nemelex Xobeh.
  4744 | D:4      | Reached skill level 6 in Fighting
  4808 | D:4      | Reached skill level 5 in Dodging
  5221 | D:4      | Killed Edmund
  5251 | D:4      | Reached XP level 8. HP: 63/63 MP: 7/7
  5411 | D:4      | Found a staircase to the Ecumenical Temple.
  5422 | D:4      | Reached skill level 1 in Long Blades
  5492 | Temple   | Entered the Ecumenical Temple
  5875 | D:5      | Entered Level 5 of the Dungeon
  6011 | D:5      | Received a gift from Trog
  6173 | D:5      | Noticed Kae's ghost (experienced DrIE)
  6361 | D:5      | Killed Kae's ghost
  6556 | D:5      | Found a white marble altar of Elyvilon.
  6605 | D:5      | Found a glowing golden altar of the Shining One.
  6628 | D:5      | Got a steaming helmet
  6671 | D:5      | Identified the cursed -2 helmet of Elyvilon's Hope {Str+3} (You found it on level 5 of the Dungeon)
  7133 | D:5      | Reached skill level 5 in Long Blades
  7688 | D:6      | Noticed Menkaure
  7689 | D:6      | Killed Menkaure
  8195 | D:6      | Identified a +1 rod of striking (9/9) (You found it on level 6 of the Dungeon)
  8216 | D:6      | Reached XP level 9. HP: 58/69 MP: 8/8
  8319 | D:7      | Found a glowing silver altar of Zin.
  8350 | D:7      | Found a shimmering altar of Xom.
  8402 | D:7      | Noticed Ijyb
  8412 | D:7      | Noticed Yanussar's ghost (experienced OpVM)
  8413 | D:7      | Killed Ijyb
  8428 | D:7      | Killed Yanussar's ghost
  8428 | D:7      | Reached skill level 7 in Long Blades
  8807 | D:7      | Reached skill level 8 in Long Blades
  9228 | D:7      | Found a bloodstained altar of Trog.
  9362 | D:7      | Reached skill level 9 in Long Blades
  9816 | D:8      | Gained mutation: You emit a foul stench, and are resistant to rotting and decay. [demonic ancestry]
  9816 | D:8      | Reached XP level 10. HP: 73/76 MP: 9/9
  9868 | D:8      | Noticed MarvinPA's ghost (experienced OpIE)
  9875 | D:8      | Paralysed by an orc for 7 turns
  9880 | D:8      | Reached XP level 9. HP: 50/69 MP: 4/8
  9890 | D:8      | Killed MarvinPA's ghost
  9890 | D:8      | Reached XP level 10. HP: 33/76 MP: 2/9
 10611 | D:8      | Got a slimy leather armour
 10620 | D:8      | Identified the +6 leather armour of Grajeafe {Dex-4 Int+2} (You found it on level 8 of the Dungeon)
 10929 | D:8      | Found a shimmering altar of Xom.
 10950 | D:9      | Noticed Prince Ribbit
 10974 | D:8      | Killed Prince Ribbit
 11114 | D:9      | Noticed Joseph
 11140 | D:9      | Killed Joseph
 11436 | D:9      | Noticed Pikel
 11441 | D:9      | Killed Pikel
 11441 | D:9      | Reached skill level 10 in Long Blades
 11764 | D:10     | Entered Level 10 of the Dungeon
 11790 | D:10     | Found Iluttesch's Magical Wand Emporium.
 12322 | D:10     | Noticed a three-headed hydra
 12329 | D:10     | Killed a hydra
 12534 | D:10     | Gained mutation: You have large cloven feet. [demonic ancestry]
 12534 | D:10     | Reached XP level 11. HP: 58/84 MP: 8/10
 12598 | D:10     | Found Tuisoula's Magic Scroll Emporium.
 12699 | D:10     | Reached skill level 11 in Long Blades
 13001 | D:10     | Found Grogehur's Magical Wand Boutique.
 13385 | D:11     | Noticed Fv001's ghost (experienced LOFi)
 13403 | D:11     | Killed Fv001's ghost
 13438 | D:11     | Found a portal to a secret trove of treasure.
 13441 | D:11     | Noticed Maurice
 13459 | D:11     | Killed Maurice
 13461 | D:11     | Noticed Sonja
 13480 | D:11     | Killed Sonja
 13704 | D:11     | Noticed an unseen horror
 13729 | D:11     | Killed an unseen horror
 14507 | D:11     | Reached skill level 1 in Evocations
 14654 | D:11     | Found Agamarr's Magical Wand Emporium.
 14792 | D:11     | Noticed an eight-headed hydra
 14806 | D:11     | Killed a four-headed hydra
 14806 | D:11     | Reached skill level 12 in Long Blades
 15442 | D:12     | Found Waubios' Magical Wand Emporium.
 15600 | D:12     | Noticed an unseen horror
 15630 | D:12     | Killed an unseen horror
 16246 | D:12     | Noticed a hill giant
 16257 | D:12     | Killed a hill giant
 16927 | D:12     | Gained mutation: You are very good at protecting items from fire. [demonic ancestry]
 16927 | D:12     | Reached XP level 12. HP: 64/93 MP: 18/18
 17287 | D:13     | Found Pnametel's Assorted Antiques.
 17400 | D:13     | Reached skill level 10 in Dodging
 17413 | D:13     | Found a frozen archway.
 17486 | D:13     | Reached skill level 10 in Fighting
 17573 | D:13     | Noticed a centaur warrior
 17583 | D:13     | Noticed Harold
 17583 | D:13     | Killed a centaur warrior
 17583 | D:13     | Reached skill level 13 in Long Blades
 17583 | D:13     | Reached skill level 5 in Evocations
 17620 | D:13     | Killed Harold
 18702 | D:13     | Found a staircase to the Lair.
 18992 | D:13     | Noticed Nergalle
 19022 | D:13     | Killed Nergalle
 19175 | D:13     | Noticed Erica
 19187 | D:13     | Killed Erica
 19187 | D:13     | Reached skill level 1 in Throwing
 19204 | D:13     | Reached skill level 14 in Long Blades
 19306 | Lair:1   | Entered Level 1 of the Lair of Beasts
 19325 | Lair:1   | Identified a scroll of acquirement
 20726 | Lair:1   | Received a gift from Trog
 21055 | Lair:2   | Found an iron altar of Okawaru.
 22722 | Lair:4   | Received a gift from Trog
 22856 | Lair:4   | Noticed Rupert
 22863 | Lair:4   | Killed Rupert
 23073 | Lair:4   | Noticed a death yak
 23073 | Lair:4   | Noticed a death yak
 23074 | Lair:4   | Noticed a death yak
 23074 | Lair:4   | Noticed a death yak
 23074 | Lair:4   | Noticed a death yak
 23085 | Lair:4   | Killed a death yak
 23085 | Lair:4   | Reached XP level 13. HP: 101/101 MP: 22/22
 23126 | Lair:3   | Killed a death yak
 23126 | Lair:3   | Reached skill level 5 in Traps
 23137 | Lair:3   | Killed a death yak
 23286 | Lair:3   | Killed a death yak
 23293 | Lair:4   | Killed a death yak
 23561 | Lair:4   | Noticed Koal's ghost (powerful LOTm)
 23575 | Lair:4   | Killed Koal's ghost
 24983 | Lair:6   | Found a staircase to the Snake Pit.
 25146 | Lair:6   | Received a gift from Trog
 25236 | Lair:6   | Found a staircase to the Slime Pits.
 25587 | Lair:6   | Found a staircase to the Swamp.
 25939 | Lair:7   | Reached skill level 5 in Armour
 26320 | Lair:7   | Got a jacinth-encrusted plate armour
 26347 | Lair:7   | Identified the +0 plate armour of Khaozoi {Dex+4 Stlth+} (You found it on level 7 of the Lair of Beasts)
 27066 | Lair:8   | Entered Level 8 of the Lair of Beasts
 27623 | Lair:8   | Received a gift from Trog
 27707 | Lair:8   | Reached XP level 14. HP: 96/109 MP: 23/25
 28295 | Lair:8   | Noticed a dragon
 28431 | Lair:8   | Killed a dragon
 28550 | Lair:8   | Reached skill level 15 in Long Blades
 28991 | D:6      | Noticed Grinder
 28996 | D:6      | Paralysed by Grinder for 6 turns
 29004 | D:6      | Killed Grinder
 29061 | D:6      | Found a staircase to the Orcish Mines.
 29229 | Orc:1    | Entered Level 1 of the Orcish Mines
 29257 | Orc:1    | Found an iron altar of Okawaru.
 29272 | Orc:1    | Received a gift from Trog
 29577 | Orc:1    | Found a roughly hewn altar of Beogh.
 30192 | Orc:1    | Found a roughly hewn altar of Beogh.
 30286 | Orc:2    | Received a gift from Trog
 30947 | Orc:3    | Found Cucumesk's Food Shoppe.
 31125 | Orc:3    | Found a roughly hewn altar of Beogh.
 31485 | Orc:3    | Received a gift from Trog
 31656 | Orc:4    | Entered Level 4 of the Orcish Mines
 31781 | Orc:3    | Found a staircase to the Elven Halls.
 32076 | Orc:4    | Noticed Saint Roka
 32442 | Orc:4    | Killed Saint Roka
 32442 | Orc:4    | Reached skill level 16 in Long Blades
 32986 | Orc:4    | Received a gift from Trog
 32990 | Orc:4    | Got a crystal great sword {god gift}
 32995 | Orc:4    | Identified the great sword of Gobe {god gift, slice, +Fly} (Trog gifted it to you on level 4 of the Orcish Mines)
 33612 | Orc:4    | Reached skill level 17 in Long Blades
 33802 | Orc:4    | Found Zug Naut's Jewellery Shop.
 33802 | Orc:4    | Found Trapoh's Weapon Shop.
 33804 | Orc:4    | Found Klaugaux's Book Shoppe.
 33806 | Orc:4    | Found Ceduco's Magical Wand Shoppe.
 34257 | D:13     | Bought a heavily runed copper ring for 675 gold pieces
 34258 | D:13     | Identified the ring of Order {rF+ Dex+3 Int-2} (You bought it in a shop on level 13 of the Dungeon)
 34324 | D:14     | Entered Level 14 of the Dungeon
 35157 | D:15     | Entered Level 15 of the Dungeon
 35198 | D:15     | Noticed Agnes
 35203 | D:15     | Killed Agnes
 35210 | D:15     | Gained mutation: You have hoof-like feet. [demonic ancestry]
 35210 | D:15     | Reached XP level 15. HP: 62/116 MP: 14/26
 35210 | D:15     | Received a gift from Trog
 36115 | D:15     | Reached skill level 18 in Long Blades
 36465 | D:16     | Received a gift from Trog
 37900 | D:16     | Received a gift from Trog
 38027 | D:16     | Noticed a stone giant
 38030 | D:16     | Killed a stone giant
 38643 | D:17     | Noticed Snorg
 38654 | D:16     | Killed Snorg
 38663 | D:17     | Noticed Nikola
 38678 | D:17     | Reached XP level 16. HP: 113/125 MP: 28/28
 38686 | D:17     | Killed Nikola
 39056 | D:17     | Found Ochic's Book Shop.
 39066 | D:17     | Noticed Kirke
 39088 | D:17     | Killed Kirke
 39198 | D:17     | Received a gift from Trog
 39231 | D:17     | Noticed Aizul
 39623 | Orc:4    | Bought an uncursed ring of poison resistance for 340 gold pieces
 40290 | D:17     | Found a burning altar of Makhleb.
 40753 | D:17     | Killed Aizul
 41231 | D:18     | Reached skill level 10 in Evocations
 41468 | D:18     | Found a deep blue altar of Sif Muna.
 41517 | D:18     | Found Pusyik's Weapon Emporium.
 41788 | D:18     | Found a blossoming altar of Fedhas.
 42493 | D:19     | Received a gift from Trog
 43376 | D:19     | Reached XP level 17. HP: 127/133 MP: 28/30
 43440 | D:19     | Received a gift from Trog
 43453 | D:19     | Reached skill level 10 in Armour
 44058 | D:20     | Entered Level 20 of the Dungeon
 44059 | D:20     | Upgraded the game from 0.13-a0-1553-g7307ddf to 0.13-a0-1577-g2bae144
 44312 | D:20     | Found a glowing silver altar of Zin.
 44323 | D:20     | Found a staircase to the Vaults.
 45859 | Swamp:1  | Entered Level 1 of the Swamp
 46334 | Swamp:1  | Received a gift from Trog
 46846 | Swamp:1  | Reached skill level 19 in Long Blades
 47051 | Swamp:2  | Noticed Roxanne
 47896 | Swamp:3  | Received a gift from Trog
 47938 | Swamp:3  | Noticed Wiglaf
 47968 | Swamp:3  | Killed Wiglaf
 47970 | Swamp:3  | Got a faintly humming shield
 48276 | Swamp:3  | Noticed Frances
 48299 | Swamp:3  | Killed Frances
 49691 | Swamp:4  | Noticed Jenx's ghost (powerful LOBe)
 50029 | Swamp:4  | Killed Jenx's ghost
 50218 | Swamp:4  | Noticed Norris
 50366 | Swamp:4  | Killed Norris
 50366 | Swamp:4  | Gained mutation: You regenerate magic rapidly. [demonic ancestry]
 50366 | Swamp:4  | Reached XP level 18. HP: 128/143 MP: 29/32
 51009 | Swamp:4  | Received a gift from Trog
 51589 | Snake:1  | Entered Level 1 of the Snake Pit
 51589 | Snake:1  | Noticed Azrael
 51990 | Vaults:1 | Entered Level 1 of the Vaults
 52265 | Vaults:1 | Noticed Louise
 52291 | Vaults:1 | Reached skill level 15 in Dodging
 52529 | Vaults:1 | Killed Louise
 52881 | Vaults:1 | Found Gaucao's Weapon Boutique.
 53118 | Vaults:1 | Noticed Jorgrun
 53148 | Vaults:1 | Killed Jorgrun
 54174 | Vaults:2 | Noticed Mara
 54178 | Vaults:2 | Noticed Mara
 54564 | Vaults:1 | Noticed Koal's illusion
 54594 | Vaults:2 | Received a gift from Trog
 54680 | Vaults:1 | Noticed Mara
 54680 | Vaults:1 | Noticed Mara
 54831 | Vaults:1 | Killed Mara
 54831 | Vaults:1 | Reached skill level 15 in Fighting
 54831 | Vaults:1 | Gained mutation: You have hooves in place of feet. [demonic ancestry]
 54831 | Vaults:1 | Reached XP level 19. HP: 125/152 MP: 9/33
 57206 | Vaults:2 | Noticed Xtahua
 57431 | Vaults:2 | Killed Xtahua
 57431 | Vaults:2 | Reached skill level 20 in Long Blades
 58845 | Vaults:3 | Found a staircase to the Hall of Blades.
 58896 | Blade    | Entered the Hall of Blades
 59067 | Vaults:3 | Gained mutation: You are mostly covered in molten scales (AC +3, EV -1). [demonic ancestry]
 59067 | Vaults:3 | Reached XP level 20. HP: 146/162 MP: 30/34
 59202 | Vaults:3 | Found Xurudon's Antique Weapon Boutique.
 59303 | Vaults:3 | Found a staircase to the Crypt.
 59753 | Vaults:3 | Received a gift from Trog
 60611 | Swamp:5  | Entered Level 5 of the Swamp
 60777 | Swamp:5  | Noticed Donald
 60795 | Swamp:5  | Killed Donald
 61065 | Swamp:5  | Received a gift from Trog
 61207 | Swamp:5  | Got a decaying rune of Zot
 61839 | Lair:1   | Gained mutation: Your flesh is heat resistant. [demonic ancestry]
 61839 | Lair:1   | Reached XP level 21. HP: 170/170 MP: 35/35
 62120 | D:21     | Found a gateway to Hell.
 62620 | D:21     | Identified a +3 rod of demonology (11/11) (You acquired it on level 21 of the Dungeon)
 62741 | D:21     | Noticed a sphinx
 62748 | D:21     | Killed a sphinx
 62748 | D:21     | Received a gift from Trog
 63179 | D:21     | Reached skill level 15 in Evocations
 63542 | D:22     | Received a gift from Trog
 63645 | D:22     | Found Mighurhi's Book Shoppe.
 63672 | D:22     | Reached XP level 22. HP: 173/179 MP: 36/36
 64593 | D:23     | Noticed Frederick
 64595 | D:23     | Noticed Mennas
 65461 | D:22     | Received a gift from Trog
 65612 | D:22     | Got a jewelled great sword {god gift}
 65628 | D:22     | Identified the great sword of Temperance {god gift, slice, +Inv rF+ rN+} (Trog gifted it to you on level 22 of the Dungeon)
 65676 | D:23     | Killed Frederick
 66121 | D:23     | Reached skill level 21 in Long Blades
 66531 | D:23     | Identified Itiwi's Almanac of Greatest Risks and Utility (You found it on level 23 of the Dungeon)
 66769 | D:23     | Paralysed by a sphinx for 4 turns
 67467 | D:22     | Killed Mennas
 68148 | D:24     | Reached XP level 23. HP: 173/190 MP: 37/37
 68271 | D:24     | Found Cuiw Osm's Weapon Boutique.
 68455 | D:24     | Found a one-way gate leading to the halls of Pandemonium.
 69748 | Lair:6   | Killed Azrael
 70050 | Snake:1  | Noticed Maud
 70062 | Snake:1  | Killed Maud
 70140 | Snake:1  | Noticed Urug
 70157 | Snake:1  | Killed Urug
 70157 | Snake:1  | Received a gift from Trog
 70510 | Snake:2  | Got a fine chain mail
 70529 | Snake:2  | Identified the cursed -5 chain mail "Goicuit" {Str-3 Dex+2} (You found it on level 2 of the Snake Pit)
 72402 | Snake:3  | Received a gift from Trog
 73191 | Snake:5  | Entered Level 5 of the Snake Pit
 74102 | Trove    | Entered a treasure trove
 74107 | Trove    | Got a fine helmet
 74117 | Trove    | Got a fine gold dragon armour
 74120 | Trove    | Got a heavily runed cloak
 74124 | Trove    | Got a slimy cloak
 74127 | Trove    | Got a faintly glowing cloak
 74138 | Trove    | Identified the +2 helmet of Beogh's Hatred {Str+2} (You found it in a treasure trove)
 74144 | Trove    | Identified the +2 cloak of Noqeusewn {rPois rC++ Dex+3} (You found it in a treasure trove)
 74147 | Trove    | Identified the +0 cloak "Baop" {rN+ Int-1} (You found it in a treasure trove)
 74150 | Trove    | Identified the -2 cloak of Repulsion {rN+} (You found it in a treasure trove)
 74161 | Trove    | Got a fine plate armour
 74182 | Trove    | Identified the -1 plate armour of Gravity {SInv Stlth-} (You found it in a treasure trove)
 74268 | Trove    | Got a fine ring mail
 74284 | Trove    | Identified the +4 ring mail "Phaixoid" {+Inv +Fly rF++} (You found it in a treasure trove)
 74306 | Trove    | Identified the cursed -1 gold dragon armour of the Clam {rPois rF+ rC+ Int+2 Curse} (You found it in a treasure trove)
 74693 | Snake:5  | Received a gift from Trog
 75035 | Snake:5  | Got a serpentine rune of Zot
 76079 | Vaults:4 | Received a gift from Trog
 76378 | Vaults:4 | Reached skill level 22 in Long Blades
 76717 | Vaults:4 | Gained mutation: You can hurl blasts of hellfire. [demonic ancestry]
 76717 | Vaults:4 | Reached XP level 24. HP: 201/201 MP: 37/37
 77439 | Vaults:4 | Found Voalos' Antique Weapon Emporium.
 77729 | Vaults:5 | Entered Level 5 of the Vaults
 77744 | Vaults:5 | Reached skill level 23 in Long Blades
 78679 | Vaults:5 | Received a gift from Trog
 79549 | Vaults:4 | Reached skill level 24 in Long Blades
 80689 | Vaults:4 | Gained mutation: You are completely covered in molten scales (AC +4, EV -1, rF+). [demonic ancestry]
 80689 | Vaults:4 | Reached XP level 25. HP: 209/209 MP: 38/38
 81683 | Vaults:5 | Found Smi Phog's Distillery.
 81698 | Vaults:5 | Bought a potion of curing for 38 gold pieces
 81698 | Vaults:5 | Bought a potion of curing for 38 gold pieces
 81698 | Vaults:5 | Bought a potion of heal wounds for 57 gold pieces
 81698 | Vaults:5 | Bought a potion of heal wounds for 57 gold pieces
 81733 | Vaults:5 | Found Gioxige's Magic Scroll Shop.
 81737 | Vaults:5 | Bought a scroll of identify for 36 gold pieces
 81742 | Vaults:5 | Found Paleut's Distillery.
 81761 | Vaults:5 | Received a gift from Trog
 81995 | Vaults:5 | Found Ledesas' Magic Scroll Emporium.
 81999 | Vaults:5 | Bought a scroll of enchant armour for 93 gold pieces
 81999 | Vaults:5 | Bought a scroll of identify for 34 gold pieces
 82005 | Vaults:5 | Found Gacsima's Distillery.
 82009 | Vaults:5 | Bought a potion of speed for 132 gold pieces
 82009 | Vaults:5 | Bought 2 potions of heal wounds for 144 gold pieces
 82009 | Vaults:5 | Bought a potion of heal wounds for 72 gold pieces
 82009 | Vaults:5 | Bought a potion of heal wounds for 72 gold pieces
 82015 | Vaults:5 | Found Koilung's Food Shoppe.
 82044 | Vaults:5 | Found Ulenoikk's Food Shop.
 82048 | Vaults:5 | Found Birovo's Food Emporium.
 82080 | Vaults:5 | Got a silver rune of Zot
 82367 | Vaults:5 | Noticed a golden dragon
 82380 | Vaults:5 | Noticed a golden dragon
 82392 | Vaults:5 | Noticed a bone dragon
 82433 | Vaults:5 | Killed a golden dragon
 82436 | Vaults:5 | Killed a golden dragon
 82467 | Vaults:5 | Killed a bone dragon
 82660 | Vaults:5 | Got a pitted scale mail
 82678 | Vaults:5 | Identified the +3 scale mail of Haz Agie {+Inv rPois Acc-1} (You found it on level 5 of the Vaults)
 82731 | Vaults:5 | Identified a +3 rod of striking (8/8) (You found it on level 5 of the Vaults)
 82776 | Vaults:5 | Got an ancient platinum amulet
 82779 | Vaults:5 | Identified the amulet of Vivyohec {rCorr rN+ Stlth++} (You found it on level 5 of the Vaults)
 82872 | Vaults:5 | Got a heavily runed cloak
 82876 | Vaults:5 | Identified the cursed -1 cloak of Loetarad {rC+} (You found it on level 5 of the Vaults)
 82969 | Vaults:5 | Received a gift from Trog
 83586 | Elf:1    | Entered Level 1 of the Elven Halls
 84223 | Elf:1    | Found Niakajea's Distillery.
 84232 | Elf:1    | Bought a potion of beneficial mutation for 455 gold pieces
 84233 | Elf:1    | Gained mutation: Your muscles are strong (Str +1). [potion of beneficial mutation]
 84540 | Elf:2    | Received a gift from Trog
 84541 | Elf:2    | Got an encrusted great sword {god gift}
 84542 | Elf:2    | Identified the great sword of Prudence {god gift, slice, *Rage rPois rC++ rN+ SInv} (Trog gifted it to you on level 2 of the Elven Halls)
 85145 | Elf:3    | Entered Level 3 of the Elven Halls
 85249 | Elf:3    | Received a gift from Trog
 85250 | Elf:3    | Got an ichor-stained great sword {god gift}
 85255 | Elf:3    | Identified the great sword of Trog's Benevolence {god gift, speed, rF+} (Trog gifted it to you on level 3 of the Elven Halls)
 85834 | Elf:3    | Received a gift from Trog
 86346 | Elf:3    | Cast into the Abyss (deep elf sorcerer)
 86401 | Abyss:1  | Found a roughly hewn altar of Beogh.
 86617 | Abyss:1  | Gained mutation: You radiate miasma, and are resistant to rotting and decay. [demonic ancestry]
 86617 | Abyss:1  | Reached XP level 26. HP: 205/220 MP: 37/38
 86706 | Elf:3    | Escaped the Abyss
 86810 | Elf:3    | Reached skill level 25 in Long Blades
 87159 | Elf:3    | Received a gift from Trog
 87384 | Elf:3    | Got a shimmering amethyst amulet
 87409 | Elf:3    | Identified a +2 rod of destruction [ice] (11/11) (You found it on level 3 of the Elven Halls)
 87413 | Elf:3    | Identified a +6 rod of destruction [lightning,fireball,iron] (11/11) (You found it on level 3 of the Elven Halls)
 87418 | Elf:3    | Identified a +4 rod of demonology (10/10) (You found it on level 3 of the Elven Halls)
 87421 | Elf:3    | Identified the amulet "Ytihogo" {Gourm -Cast rC++ rN+ Dam+4} (You found it on level 3 of the Elven Halls)
 89318 | D:25     | Entered Level 25 of the Dungeon
 89577 | D:25     | Reached skill level 5 in Throwing
 89614 | D:25     | Received a gift from Trog
 89671 | D:25     | Found a one-way gate to the infinite horrors of the Abyss.
 90788 | D:26     | Received a gift from Trog
 91118 | D:26     | Gained mutation: When low on magic, you restore magic in place of health. [demonic ancestry]
 91118 | D:26     | Reached XP level 27. HP: 223/228 MP: 13/39
 91444 | D:26     | Received a gift from Trog
 91727 | D:26     | Noticed a golden dragon
 91768 | D:26     | Killed a golden dragon
 91780 | D:26     | Reached skill level 26 in Long Blades
 92543 | D:26     | Received a gift from Trog
 92985 | D:27     | Entered Level 27 of the Dungeon
 94735 | D:27     | Found Zepeilop's Magic Scroll Emporium.
 94739 | D:27     | Bought a scroll of enchant weapon I for 121 gold pieces
 95658 | Crypt:1  | Entered Level 1 of the Crypt
 95759 | Crypt:1  | Identified a +3 rod of destruction [ice] (9/9) (You found it on level 1 of the Crypt)
 96578 | Crypt:2  | Received a gift from Trog
 97378 | Crypt:3  | Found an ancient bone altar of Kikubaaqudgha.
 97450 | Crypt:3  | Found a staircase to the Tomb.
 97628 | Crypt:4  | Found a basalt altar of Yredelemnul.
 97628 | Crypt:4  | Paralysed by a vampire knight for 6 turns
 99066 | Crypt:4  | Paralysed by a vampire knight for 6 turns
 99397 | Crypt:4  | Found a basalt altar of Yredelemnul.
 99448 | Crypt:5  | Entered Level 5 of the Crypt
 99585 | Crypt:5  | Reached skill level 15 in Armour
 99988 | Crypt:5  | Reached skill level 27 in Long Blades
100311 | Crypt:5  | Found an ancient bone altar of Kikubaaqudgha.
100311 | Crypt:5  | Noticed an ancient lich
100316 | Crypt:5  | Killed an ancient lich
101351 | Zot:1    | Entered Level 1 of the Realm of Zot
103623 | Zot:3    | Received a gift from Trog
103838 | Zot:3    | Noticed a curse toe
104369 | Zot:3    | Killed a curse toe
105848 | Zot:4    | Received a gift from Trog
106263 | Zot:4    | Received a gift from Trog
106445 | Zot:5    | Entered Level 5 of the Realm of Zot
106922 | Zot:4    | Got a smoking hand axe
107399 | Zot:5    | Received a gift from Trog
107454 | Zot:5    | Noticed an ancient lich
107470 | Zot:5    | Noticed an ancient lich
107472 | Zot:5    | Noticed an ancient lich
107473 | Zot:5    | Killed an ancient lich
107490 | Zot:5    | Killed an ancient lich
107505 | Zot:5    | Noticed an ancient lich
107506 | Zot:5    | Noticed a Killer Klown
107508 | Zot:5    | Noticed a Killer Klown
107510 | Zot:5    | Noticed an ancient lich
107512 | Zot:5    | Noticed an orb of fire
107517 | Zot:5    | HP: 7/241 [Orb Guardian (41)]
107519 | Zot:5    | Mangled by an Orb Guardian

Action                   |  1- 3 |  4- 6 |  7- 9 | 10-12 | 13-15 | 16-18 | 19-21 | 22-24 | 25-27 || total
-------------------------+-------+-------+-------+-------+-------+-------+-------+-------+-------++-------
Melee: Short sword       |   155 |   188 |    33 |       |       |       |       |       |       ||   376
       Dagger            |       |       |    47 |       |       |       |       |       |       ||    47
       Flail             |       |       |     7 |       |       |       |       |       |       ||     7
       Falchion          |       |       |   422 |   569 |       |       |       |       |       ||   991
       Club              |       |       |     1 |       |       |       |       |       |       ||     1
       Great sword       |       |       |       |   367 |   990 |  1350 |   846 |  1384 |   910 ||  5847
       Scimitar          |       |       |       |   233 |   462 |       |       |       |       ||   695
       Triple sword      |       |       |       |       |       |       |       |       |  1927 ||  1927
 Fire: Sling             |       |    83 |   122 |    32 |       |       |       |       |       ||   237
       Longbow           |       |       |    33 |   288 |       |       |       |       |       ||   321
       Blowgun           |       |       |       |    37 |   185 |    53 |     5 |     4 |       ||   284
Throw: Dart              |    42 |     4 |    45 |    11 |       |       |       |       |       ||   102
       Javelin           |       |       |       |       |    19 |    14 |       |    93 |    29 ||   155
Invok: Berserk           |     3 |     4 |    11 |    13 |     3 |     2 |       |       |       ||    36
       Brothers in Arms  |       |       |     7 |     8 |    13 |     7 |     4 |    12 |     2 ||    53
       Burn Spellbooks   |       |       |       |     3 |     2 |     2 |     3 |     6 |     7 ||    23
       Trog's Hand       |       |       |       |       |       |     9 |     4 |     9 |    25 ||    47
 Abil: Evoke Flight      |       |       |       |       |     1 |       |       |       |       ||     1
       Hellfire          |       |       |       |       |       |       |       |       |     1 ||     1
Evoke: Wand              |       |       |     2 |    18 |     8 |    11 |       |       |     5 ||    44
       Rod               |       |       |     8 |    12 |       |    12 |    36 |    55 |    38 ||   161
       Miscellaneous     |       |       |       |       |       |     9 |     5 |    18 |    21 ||    53
  Use: Scroll            |       |    10 |    15 |    11 |     7 |    15 |     6 |    27 |    45 ||   136
       Potion            |       |       |     1 |     3 |     3 |     3 |     3 |     2 |     5 ||    20
 Stab: Betrayed ally     |       |       |     1 |       |       |       |       |       |       ||     1
       Distracted        |       |       |       |       |     2 |     2 |     2 |     3 |     3 ||    12
       Sleeping          |       |       |       |       |     3 |     1 |       |       |     2 ||     6
       Fleeing           |       |       |       |       |     1 |       |       |     1 |     3 ||     5
       Paralysed         |       |       |       |       |       |     2 |       |       |       ||     2
       Confused          |       |       |       |       |       |       |       |       |     1 ||     1
